 Dungeon Crawl Stone Soup version 0.18.1-48-g4cf74bf (webtiles) character file.

7 glosham the Skirmisher (level 1, -1/16 HPs)
             Began as a High Elf Abyssal Knight on Sept 13, 2016.
             Was a Follower of Lugonu.
             Slain by a flying skull (4 damage)
             ... on level 3 of the Abyss.
             The game lasted 00:04:28 (188 turns).

glosham the Skirmisher (High Elf Abyssal Knight)     Turns: 188, Time: 00:04:29

Health: -1/16      AC:  3    Str: 11    XL:     1   Next: 83%
Magic:  3/3        EV: 12    Int: 15    God:    Lugonu [*.....]
Gold:   0          SH:  0    Dex: 20    Spells: 0 memorised, 0 levels left

rFire  . . .     SeeInvis .     a - +2 halberd of the Salmon {pain, Dex+6}
rCold  . . .     Gourm    .     e - +0 leather armour
rNeg   . . .     Faith    .     (shield currently unavailable)
rPois  .         Spirit   .     (no helmet)
rElec  .         Dismiss  .     (no cloak)
rCorr  .         Reflect  .     (no gloves)
SustAt .         Harm     .     (no boots)
MR     .....                    (no amulet)
Stlth  ++........               (no ring)
                                (no ring)

@: not resistant to hostile enchantments, unstealthy
A: no striking features
a: Depart the Abyss, Renounce Religion


You were on level 3 of the Abyss.
You worshipped Lugonu.
Lugonu was aware of your devotion.
You were not hungry.

You visited 0 branches of the dungeon, and saw 0 of its levels.
You visited the Abyss 1 time.

Inventory:

Hand Weapons
 a - the +2 halberd of the Salmon (weapon) {pain, Dex+6}
   (You found it on level 3 of the Abyss)

   In the hands of one skilled in necromantic magic, it inflicts extra damage on
   living creatures.
   It affects your dexterity (+6).
 b - a +1 falchion
Armour
 e - a +0 leather armour (worn)
Potions
 d - a potion of curing {unknown}
Comestibles
 c - a bread ration


   Skills:
 - Level 3.0 Fighting
 - Level 2.4 Long Blades
 - Level 0.8 Armour
 - Level 2.1 Dodging
 + Level 1.9 Stealth
 - Level 2.0 Invocations


You couldn't memorise any spells.
You didn't know any spells.

Dungeon Overview and Level Annotations

Branches:
Dungeon (0/15)

Altars:


Message History

e - the +2 halberd of the Salmon (weapon)
{pain, Dex+6} Adjust (i)tems, (s)pells, or (a)bilities?
Adjust which item? (? for menu, Esc to quit)
e - the +2 halberd of the Salmon (weapon)
{pain, Dex+6} Adjust to which letter? (? for menu, Esc to quit)
b - the +2 halberd of the Salmon (weapon)
{pain, Dex+6}
e - a +0 leather armour (worn)
Adjust (i)tems, (s)pells, or (a)bilities?
Adjust which item? (? for menu, Esc to quit)
b - the +2 halberd of the Salmon (weapon)
{pain, Dex+6} Adjust to which letter? (? for menu, Esc to quit)
a - the +2 halberd of the Salmon (weapon)
{pain, Dex+6}
b - a +1 falchion A starcursed mass comes into view.
A starcursed mass splits.
A chorus of shrieks assaults your mind.
Ouch! That really hurt!
A white imp comes into view.
Found a scroll labeled BUUFAL LOEMEJI WAS.
Unknown command.
You see here a scroll labeled BUUFAL LOEMEJI WAS.
You puncture the white imp!
You kill the white imp!
Your Stealth skill increases to level 1!
f - a scroll labeled BUUFAL LOEMEJI WAS A starcursed mass splits.
Found a scroll labeled WOYCIGUWIB.
The starcursed mass shrieks in your mind.
* * * LOW HITPOINT WARNING * * *
A lurking horror comes into view.
The lurking horror explodes!
You feel a surge of unholy energy.
A flying skull comes into view.
The flying skull gives a hideous shriek!
Found a box of beasts.
Read which item? (? for menu, Esc to quit)
As you read the scroll labeled BUUFAL LOEMEJI WAS, it crumbles to dust.
You feel blessed for a moment.
It was a scroll of remove curse.
The flying skull hits you.
You die...

#.. ###...### .# #.##.
# #..##..###..#.##...
# . . #..#. ...#.#X .#
#.### #.
#...X#.#.#..##.. .# .
..
###.......##.####..#..
#...#..##....#. .#.#
#. #.#.##......#.##
.##ยง . .
.#.z#......###. X # #
##.##@....#.##..#.##.#
...#..#..#.####### ..
#...#...# #.
.....##.#.. .. #....#
#.. .. # ...... #. #}
..###. #. #. .. .#


You could see a flying skull.

Vanquished Creatures
  A white imp (Abyss:3)
1 creature vanquished.

Vanquished Creatures (others)
  A lurking horror (Abyss:3)
1 creature vanquished.

Grand Total: 2 creatures vanquished

Notes
Turn   | Place    | Note
--------------------------------------------------------------
     0 | Abyss:1  | glosham the High Elf Abyssal Knight began the quest for the Orb.
     0 | Abyss:1  | Reached XP level 1. HP: 16/16 MP: 3/3
    65 | Abyss:1  | Noticed a quasit
   119 | Abyss:2  | Found a deep blue altar of Sif Muna.
   127 | Abyss:2  | Noticed a large abomination
   140 | Abyss:3  | Got a bone halberd
   141 | Abyss:3  | Identified the +2 halberd of the Salmon {pain, Dex+6} (You found it on level 3 of the Abyss)
   156 | Abyss:3  | Noticed a large abomination
   158 | Abyss:3  | Noticed a starcursed mass
   162 | Abyss:3  | Noticed a red draconian zombie
   165 | Abyss:3  | Reached skill level 1 in Stealth
   185 | Abyss:3  | Noticed a flying skull
   188 | Abyss:3  | Slain by a flying skull

Skill      XL: |  1 |
---------------+----+-----
Stealth        | 1 |  1.9
Fighting       | |  3.0
Long Blades    | |  2.4
Armour         | |  0.8
Dodging        | |  2.1
Invocations    | |  2.0

Action                   || total
-------------------------++-------
Melee: Halberd           ||     1
  Use: Scroll            ||     1

Table legend:
 A = Turns spent in this place as a percentage of turns spent in the entire game.
 B = Non-inter-level travel turns spent in this place as a percentage of non-inter-level travel turns spent in the entire game.
 C = Inter-level travel turns spent in this place as a percentage of turns spent in this place.
 D = Turns resting spent in this place as a percentage of non-inter-level travel turns spent in this place.
 E = Turns spent auto-exploring this place as a percentage of non-inter-level travel turns spent in this place.
 F = Non-inter-level travel turns spent in this place divided by the number of levels of this place that you've seen.
                   A       B       C       D       E      F
               +-------+-------+-------+-------+-------+----------------------
         Total | 100.0 | 100.0 |   0.0 |   0.0 |   0.0 |  64.7
         Abyss | 100.0 | 100.0 |   0.0 |   0.0 |   0.0 |  64.7
               +-------+-------+-------+-------+-------+----------------------

Table legend:
 A = Kills in this place as a percentage of kills in entire the game.
 B = Kills by you in this place as a percentage of kills by you in the entire game.
 C = Kills by friends in this place as a percentage of kills by friends in the entire game.
 D = Other kills in this place as a percentage of other kills in the entire game.
 E = Experience gained in this place as a percentage of experience gained in the entire game.
 F = Experience gained in this place divided by the number of levels of this place that you have seen.
                   A       B       C       D       E      F
               +-------+-------+-------+-------+-------+----------------------
         Total | 100.0 | 100.0 |  -nan |  -nan | 100.0 |   3.3
         Abyss | 100.0 | 100.0 |  -nan |  -nan | 100.0 |   3.3
               +-------+-------+-------+-------+-------+----------------------

Vault maps used:
Abyss:2:  evilmike_abyss_exit_chaos, due_exit_kobolds
Abyss:3:  abyss_rune_water_cross
